 Dungeon Sprint DCSS version 0.31-a0-844-gdc52ec4e09 (webtiles) character file.

Game seed: 16417906495553478481

8867 sircluck the Brawler (level 11, -3/192 HPs)
             Began as a Troll Berserker on Sept 28, 2023.
             Was the Champion of Trog.
             Slain by a blink frog (11 damage)
             ... in the Dungeon (Sprint VII: "The Pits").
             The game lasted 00:05:42 (1510 turns).

sircluck the Brawler (Troll Berserker)              Turns: 1510, Time: 00:05:43

Health: -3/192     AC:  6    Str: 31    XL:     11   Next: 15%
Magic:  10/10      EV: 13    Int:  9    God:    Trog [******]
Gold:   0          SH:  0    Dex:  9    Spells: 10/10 levels left

rFire   . .          .
                       - Unarmed
rCold   . . .        (no shield)
rNeg    . . .        o - +0 troll leather armour
rPois   .            (helmet restricted)
rElec   .            n - +0 cloak
rCorr   .            (gloves unavailable)
SInv    .            (boots unavailable)
Will    .....        (no amulet) Stlth
                     k - +3 ring of intelligence
HPRegen 2.12/turn    l - +3 ring of intelligence
MPRegen 0.12/turn

%: no teleportation
@: berserking, very quick
A: large, unfitting armour, claws 3, regeneration 1, shaggy fur 1, tough skin 1
a: Renounce Religion, Berserk, Trog's Hand, Brothers in Arms


You were in the Dungeon.
You worshipped Trog.
Trog was exalted by your worship.
You visited 1 branch

Inventory:

Armour
 a - a +0 animal skin
 n - a +0 cloak (worn)
 o - a +0 troll leather armour (worn)
Jewellery
 k - a +3 ring of intelligence (left claw)
 l - a +3 ring of intelligence (right claw)
Scrolls
 g - a scroll of blinking
 i - 2 scrolls of vulnerability
 j - a scroll of summoning
Potions
 b - 7 potions of curing
 c - 7 potions of heal wounds
 d - 2 potions of haste
 e - 4 potions of magic
 f - 3 potions of berserk rage
 h - 2 potions of invisibility
 m - a potion of might


   Skills:
 + Level 13.6 Fighting
 + Level 3.7 Armour
 + Level 13.5 Dodging
 + Level 15.9 Unarmed Combat


You had 10 spell levels left.
You didn't know any spells.
Your spell library was empty.

Dungeon Overview and Level Annotations

Branches:
Dungeon (1/1)

Altars:
Ashenzari
Cheibriados
Dithmenos
Elyvilon
Fedhas
Gozag
Hepliaklqana
Kikubaaqudgha
Makhleb
Nemelex Xobeh
Okawaru
Qazlal
Ru
Sif Muna
Trog
Uskayaw
Vehumet
Wu Jian
Xom
Yredelemnul
Zin
The Shining One
Jiyva
Lugonu


Innate Abilities, Weirdness & Mutations

You are too large for most types of armour.
You have claws for hands.
Your natural rate of healing is unusually fast.
You are covered in fur. (AC +1)
You have tough skin. (AC +1)


Message History

* * * LOW HITPOINT WARNING * * *
The tyrant leech draws strength from your injuries!
You barely miss the tyrant leech. Your claw misses the tyrant leech.
The tyrant leech is heavily wounded.
The blink frog hits you!
* * * LOW HITPOINT WARNING * * *
You feel much better. The blink frog hits you.
* * * LOW HITPOINT WARNING * * *
The tyrant leech closely misses you. The blink frog barely misses you.
You feel much better. The blink frog barely misses you.
The tyrant leech bites you!!
The tyrant leech draws strength from your injuries!
You feel much better.
The blink frog hits you but does no damage.
The tyrant leech bites you!!
The tyrant leech draws strength from your injuries!
The blink frog hits you!
* * * LOW HITPOINT WARNING * * *
A red film seems to cover your vision as you go berserk!
You feel yourself moving faster!
You feel mighty! The blink frog barely misses you.
You barely miss the tyrant leech. The tyrant leech bites you!!
* * * LOW HITPOINT WARNING * * *
The tyrant leech draws strength from your injuries!
The blink frog hits you!
* * * LOW HITPOINT WARNING * * *
You mangle the tyrant leech!! Your claw misses the tyrant leech.
The tyrant leech is moderately wounded.
You mangle the tyrant leech!!
The tyrant leech is almost dead.
The blink frog hits you.
* * * LOW HITPOINT WARNING * * *
The tyrant leech bites you!!
* * * LOW HITPOINT WARNING * * *
The tyrant leech draws strength from your injuries!
You eviscerate the tyrant leech!!!
You kill the tyrant leech!
Trog accepts your kill. The blink frog hits you!
You die...

............''..##########..#
..#..#......##..............#
............##..............#
#####''######################
...##''##### #######
...##......# ......#
...##......# .....#
...###....## ####)..# ...#
##''## ###F@))..+
...###....###....##+##
...##......#....##
#####......)†...+
#####......#.)..##
.[[###.)..###....# .[.#
##['## ###..+ .))###....##
#### .))##......#


You could see a blink frog.

Vanquished Creatures
  A death cob (D)
  A boulder beetle (D)
  An orc high priest (D)
  A swamp dragon (D)
  2 phantasmal warriors (D)
  An ugly thing (D)
  A deep elf pyromancer (D)
  2 black mambas (D)
  A yaktaur (D)
  An efreet (D)
  An ice devil (D)
  A troll (D)
  A red devil (D)
  A hellwing (D)
  2 tyrant leeches (D)
  A wind drake (D)
  4 blink frogs (D)
  A flying skull (D)
  2 ynoxinuls (D)
  A floating eye (D)
  A black bear (D)
  2 orc warriors (D)
  2 ice beasts (D)
  A sky beast (D)
  An ogre (D)
  A kobold brigand (D)
  A necrophage (D)
  A quasit (D)
  An orc priest (D)
  A mummy (D)
  2 gnolls (D)
  A river rat (D)
  An ufetubus (D)
  9 orcs (D)
  2 giant cockroaches (D)
  2 goblins (D)
  A quokka (D)
  A frilled lizard (D)
  2 jackal zombies (D)
  A rat (D)
61 creatures vanquished.

Notes
Turn   | Place    | Note
-------+----------+-------------------------------------------
     0 | D        | sircluck the Troll Berserker began the quest for the Orb.
     0 | D        | Reached XP level 1. HP: 22/22 MP: 0/0
    17 | D        | Noticed a quasit
    17 | D        | Noticed an ice beast
    17 | D        | Noticed a ynoxinul
    24 | D        | Killed a quasit
    25 | D        | Reached skill level 4 in Unarmed Combat
    25 | D        | Reached XP level 2. HP: 32/32 MP: 1/1
    25 | D        | Reached XP level 3. HP: 39/39 MP: 2/2
    28 | D        | Killed a ynoxinul
    29 | D        | Reached skill level 5 in Fighting
    29 | D        | Reached skill level 5 in Dodging
    29 | D        | Reached skill level 7 in Unarmed Combat
    29 | D        | Reached XP level 4. HP: 52/52 MP: 3/3
    29 | D        | Reached XP level 5. HP: 58/59 MP: 4/4
    33 | D        | Killed an ice beast
    33 | D        | Reached ** piety under Trog
    34 | D        | Reached XP level 6. HP: 68/68 MP: 5/5
    90 | D        | Noticed a black mamba
   101 | D        | Killed a black mamba
   102 | D        | Reached skill level 9 in Unarmed Combat
   102 | D        | Reached XP level 7. HP: 80/80 MP: 6/6
   214 | D        | Noticed a wind drake
   214 | D        | Noticed a black mamba
   221 | D        | Killed a black mamba
   222 | D        | Reached skill level 10 in Unarmed Combat
   232 | D        | Killed a wind drake
   232 | D        | Reached *** piety under Trog
   233 | D        | Reached XP level 8. HP: 52/92 MP: 7/7
   270 | D        | Noticed an efreet
   279 | D        | Killed an efreet
   280 | D        | Reached skill level 11 in Unarmed Combat
   342 | D        | Found a bloodstained altar of Trog.
   342 | D        | Found a shimmering blue altar of Sif Muna.
   342 | D        | Found a viscous altar of Jiyva.
   342 | D        | Found a hazy altar of Hepliaklqana.
   342 | D        | Found an opulent altar of Gozag.
   343 | D        | Found a glowing golden altar of the Shining One.
   343 | D        | Found a glowing silver altar of Zin.
   343 | D        | Found a basalt altar of Yredelemnul.
   343 | D        | Found a shimmering altar of Xom.
   343 | D        | Found an ornate altar of the Wu Jian Council.
   343 | D        | Found a sacrificial altar of Ru.
   343 | D        | Found a stormy altar of Qazlal.
   343 | D        | Found an iron altar of Okawaru.
   343 | D        | Found a sparkling altar of Nemelex Xobeh.
   343 | D        | Found a burning altar of Makhleb.
   343 | D        | Found a blossoming altar of Fedhas.
   343 | D        | Found a white marble altar of Elyvilon.
   343 | D        | Found a shadowy altar of Dithmenos.
   343 | D        | Found a snail-covered altar of Cheibriados.
   345 | D        | Found a radiant altar of Vehumet.
   345 | D        | Found a corrupted altar of Lugonu.
   347 | D        | Found an ancient bone altar of Kikubaaqudgha.
   347 | D        | Found a hide-covered altar of Uskayaw.
   347 | D        | Found a broken altar of Ashenzari.
   391 | D        | Reached **** piety under Trog
   403 | D        | Paralysed by a floating eye for 2 turns
   407 | D        | Reached skill level 10 in Fighting
   407 | D        | Reached ***** piety under Trog
   487 | D        | Reached skill level 10 in Dodging
   487 | D        | Received a gift from Trog
   496 | D        | Noticed a flying skull
   499 | D        | Killed a flying skull
   500 | D        | Reached skill level 12 in Unarmed Combat
   511 | D        | Noticed a phantasmal warrior
   520 | D        | Killed a phantasmal warrior
   521 | D        | Reached XP level 9. HP: 63/102 MP: 8/8
   607 | D        | Reached ****** piety under Trog
   610 | D        | Received a gift from Trog
   763 | D        | Noticed an ice devil
   782 | D        | Killed an ice devil
   783 | D        | Reached skill level 13 in Unarmed Combat
   835 | D        | Noticed a cyan ugly thing
   843 | D        | Killed a cyan ugly thing
   874 | D        | Noticed a yaktaur
   875 | D        | Noticed a phantasmal warrior
   882 | D        | Killed a phantasmal warrior
   885 | D        | Killed a yaktaur
   885 | D        | Received a gift from Trog
   886 | D        | Reached XP level 10. HP: 83/115 MP: 9/9
   939 | D        | Noticed a boulder beetle
   952 | D        | Killed a boulder beetle
   953 | D        | Reached skill level 14 in Unarmed Combat
  1041 | D        | Noticed a death cob
  1051 | D        | Killed a death cob
  1051 | D        | HP: 5/172 [hellwing (9)]
  1322 | D        | Noticed a swamp dragon
  1329 | D        | Killed a swamp dragon
  1329 | D        | Received a gift from Trog
  1330 | D        | Reached skill level 15 in Unarmed Combat
  1401 | D        | Noticed a deep elf pyromancer
  1406 | D        | Killed a deep elf pyromancer
  1407 | D        | Reached skill level 1 in Armour
  1469 | D        | Noticed an orc high priest
  1476 | D        | Received a gift from Trog
  1478 | D        | Reached XP level 11. HP: 78/127 MP: 10/10
  1484 | D        | Killed an orc high priest
  1509 | D        | HP: 7/192 [tyrant leech (18)]
  1510 | D        | Slain by a blink frog

Illustrated notes

Levels and vault maps discovered:
D:        pitsprint [storerooms_1, entrance_room_1, metal_vault_2, armoury_1,
          mini_pit_1, grid_room_1, main_hall_1, silver_pit, the_coven_1,
          the_vestibule_1, steel_vault_5, golden_pit, hallway_of_sentries,
          crystal_vault_6, iron_vault_1, final_vault]

Skill      XL: |  1  2  3  4  5  6  7  8  9 10 11 |
---------------+----------------------------------+-----
Fighting       | 3 5 6 8 9 10 11 13 | 13.6
Dodging        | 3 5 6 7 9 10 11 13 | 13.5
Unarmed Combat | 4 7 9 10 12 13 15 | 15.9
Armour         | 2 3 |  3.7

Action                     |  1- 3 |  4- 6 |  7- 9 | 10-12 || total
---------------------------+-------+-------+-------+-------++-------
  Melee: Unarmed           |    10 |    10 |   102 |    73 ||   195
         Punch             |     1 |       |     3 |     5 ||     9
 Invoke: Berserk           |     1 |     1 |     3 |     4 ||     9
    Use: Potion            |       |       |       |     5 ||     5
 Armour: Animal skin       |    11 |     4 |    40 |    27 ||    82
         Troll leather arm |       |       |       |    39 ||    39
  Dodge: Dodged            |     9 |     4 |    46 |    40 ||    99

Table legend: (Time is in decaauts)
 A = Elapsed time spent in this place.
 B = Non-inter-level travel time spent in this place.
 C = Inter-level travel time spent in this place.
 D = Time resting spent in this place.
 E = Time spent auto-exploring this place.
 F = Levels seen in this place.
 G = Mean time per level.
                   A        B        C        D        E       F      G
               +--------+--------+--------+--------+--------+-----+--------+
         Total |   1537 |   1479 |     58 |    613 |     98 |   1 | 1537.0 |
       Dungeon |   1537 |   1479 |     58 |    613 |     98 |   1 | 1537.0 |
               +--------+--------+--------+--------+--------+-----+--------+

Top non-repeatable levels by time:
       D: 1537 daAuts
